[Event "17th Asian Continental-ch Women 2018"]
[Site "Makati City"]
[Date "2018.12.12"]
[Round "3.11"]
[White "Citra, Dewi Ardhiani Anast"]
[Black "Anisa, Aay Aisyah"]
[Result "1-0"]
[ECO "A00"]
[WhiteElo "2215"]
[BlackElo "1985"]
[PlyCount "73"]
[EventDate "2018.12.07"]
[EventType "swiss"]
[EventCountry "PHI"]
[TimeControl "40/5400+30:1800+30"]

1. d4 Nf6 2. Bf4 e6 3. e3 d5 4. Nd2 b6 5. c3 Be7 6. Bd3 Bb7 7. Ngf3 Nbd7 8. Ne5 a6 9. Qf3 c5 10. Rd1 b5 11. O-O O-O 12. Qh3 Re8 13. Ndf3 h6 14. Bb1 Bf8 15. Bg5 Qc7 16. Bf4 Qc8 17. Nxd7 Nxd7 18. g4 Qc6 19. g5 e5 20. Nxe5 Nxe5 21. Bxe5 Rxe5 22. dxe5 d4 23. e4 Re8 24. Qg3 hxg5 25. cxd4 cxd4 26. Rxd4 Bc5 27. Rd2 Re6 28. Rd8+ Kh7 29. Qh3+ Rh6 30. Qf5+ Qg6 31. Qxg6+ Rxg6 32. Rd7 Bc6 33. Rxf7 Bd4 34. Re7 Bxb2 35. Rd1 Ba3 36. Rc7 Kh6 37. Rd3 1-0

[Event "17th Asian Continental-ch Women 2018"]
[Site "Makati City"]
[Date "2018.12.12"]
[Round "3.12"]
[White "Doroy Allaney Jia G"]
[Black "Li, Yunshan"]
[Result "1/2-1/2"]
[ECO "A00"]
[WhiteElo "1972"]
[BlackElo "2196"]
[PlyCount "98"]
[EventDate "2018.12.07"]
[EventType "swiss"]
[EventCountry "PHI"]
[TimeControl "40/5400+30:1800+30"]

1. c4 e5 2. g3 c6 3. Bg2 Nf6 4. d4 e4 5. Nh3 Bb4+ 6. Bd2 Bxd2+ 7. Qxd2 d5 8. cxd5 cxd5 9. O-O O-O 10. Nc3 Bf5 11. f3 exf3 12. exf3 Nc6 13. g4 Be6 14. Nf4 Qd6 15. Rfe1 a6 16. Re2 Ne8 17. Na4 Nc7 18. Rae1 Rae8 19. Nh5 f6 20. Nc5 b6 21. Nb3 a5 22. a4 Bf7 23. Ng3 Re6 24. f4 Rfe8 25. f5 Rxe2 26. Rxe2 Rxe2 27. Nxe2 Be8 28. Nbc1 Qb4 29. Qe3 Kf8 30. Qg3 Qe7 31. Kf2 b5 32. axb5 Nxb5 33. Qe3 Qd6 34. Nf4 Bf7 35. Nce2 g5 36. fxg6 hxg6 37. Qd3 Nbxd4 38. Nxg6+ Bxg6 39. Qxg6 Nxe2 40. Qh6+ Ke7 41. Kxe2 Nd4+ 42. Kd1 Qe6 43. Qg7+ Ke8 44. Bf1 Qe4 45. Qg8+ Ke7 46. Qg7+ Ke8 47. Qg8+ Ke7 48. Qg7+ Ke8 49. Qg8+ Ke7 1/2-1/2

[Event "17th Asian Continental-ch Women 2018"]
[Site "Makati City"]
[Date "2018.12.12"]
[Round "3.13"]
[White "Nithyalakshmi, Sivanesan"]
[Black "Makhija, Aashna"]
[Result "1/2-1/2"]
[ECO "A00"]
[WhiteElo "1942"]
[BlackElo "2181"]
[PlyCount "81"]
[EventDate "2018.12.07"]
[EventType "swiss"]
[EventCountry "PHI"]
[TimeControl "40/5400+30:1800+30"]

1. d4 Nf6 2. Bg5 d5 3. e3 e6 4. Nd2 Be7 5. Bd3 O-O 6. f4 b6 7. Ngf3 Nbd7 8. O-O Bb7 9. Bxf6 Nxf6 10. Ne5 Ne4 11. c3 f6 12. Nef3 c5 13. Qc2 f5 14. Ne5 Bd6 15. Ndf3 Qe7 16. Qe2 Rac8 17. a4 Bc6 18. Bb5 Be8 19. Bxe8 Rfxe8 20. Qb5 Bxe5 21. Nxe5 Nd6 22. Qe2 a5 23. Kh1 c4 24. g4 fxg4 25. Qxg4 Rc7 26. Rf3 Qf6 27. Rg1 Qf5 28. Qg2 Rf8 29. h3 Kh8 30. Kh2 Ne4 31. h4 Rf6 32. Rh3 Rh6 33. Ng4 Rh5 34. Qf3 Nd2 35. Qe2 Ne4 36. Qf3 Nd2 37. Qe2 Ne4 38. Ne5 Rh6 39. Ng4 Rh5 40. Ne5 Rh6 41. Ng4 1/2-1/2

[Event "17th Asian Continental-ch Women 2018"]
[Site "Makati City"]
[Date "2018.12.12"]
[Round "3.14"]
[White "Li, Xueyi"]
[Black "Karenza, Dita"]
[Result "1-0"]
[ECO "A00"]
[WhiteElo "2187"]
[BlackElo "1944"]
[PlyCount "83"]
[EventDate "2018.12.07"]
[EventType "swiss"]
[EventCountry "PHI"]
[TimeControl "40/5400+30:1800+30"]

1. d4 d5 2. c4 e6 3. Nf3 Nf6 4. g3 c6 5. Bg2 dxc4 6. Ne5 Bb4+ 7. Nc3 Nd5 8. Bd2 Nb6 9. e3 N8d7 10. f4 Nxe5 11. fxe5 Nd5 12. O-O Nxc3 13. bxc3 Be7 14. Qe2 h5 15. h3 Qc7 16. Qxc4 Bd7 17. e4 g5 18. Be3 Rh7 19. Qd3 c5 20. Rab1 b5 21. Rfd1 Rc8 22. Rbc1 a5 23. Qd2 g4 24. h4 c4 25. Bg5 Ba3 26. Rb1 b4 27. Kh2 Ba4 28. Rf1 bxc3 29. Qxc3 Bb4 30. Rxb4 axb4 31. Qxb4 Bc2 32. d5 Rb8 33. Qa3 Kd7 34. Rf2 Bd3 35. Qe7+ Kc8 36. Qe8+ Kb7 37. Rb2+ Ka8 38. Qa4+ Qa7 39. Qc6+ Rb7 40. Be3 c3 41. Rb3 Bc4 42. Qxc4 1-0

[Event "17th Asian Continental-ch Women 2018"]
[Site "Makati City"]
[Date "2018.12.12"]
[Round "3.15"]
[White "Mejia, Cherry Ann"]
[Black "Frayna, Janelle Mae"]
[Result "1/2-1/2"]
[ECO "A00"]
[WhiteElo "1980"]
[BlackElo "2228"]
[PlyCount "42"]
[EventDate "2018.12.07"]
[EventType "swiss"]
[EventCountry "PHI"]
[TimeControl "40/5400+30:1800+30"]

1. f4 d5 2. b3 Nf6 3. Bb2 e6 4. Nf3 c5 5. e3 Be7 6. Bb5+ Nbd7 7. O-O a6 8. Bxd7+ Bxd7 9. d3 Bc6 10. Nbd2 O-O 11. Ne5 Rc8 12. Qe2 b5 13. Nxc6 Rxc6 14. Nf3 Rc8 15. Ne5 d4 16. e4 Bd6 17. Ng4 Nxg4 18. Qxg4 f5 19. Qf3 Qc7 20. g3 Qc6 21. Rae1 Rce8 1/2-1/2

[Event "17th Asian Continental-ch Women 2018"]
[Site "Makati City"]
[Date "2018.12.12"]
[Round "3.16"]
[White "San Diego, Marie Antoinette"]
[Black "Zhang, Xiao"]
[Result "1/2-1/2"]
[ECO "A00"]
[WhiteElo "2111"]
[BlackElo "2017"]
[PlyCount "75"]
[EventDate "2018.12.07"]
[EventType "swiss"]
[EventCountry "PHI"]
[TimeControl "40/5400+30:1800+30"]

1. d4 d5 2. Bf4 c5 3. e3 Nc6 4. c3 Nf6 5. Nd2 Bf5 6. Qb3 Qd7 7. Ngf3 a6 8. Ne5 Nxe5 9. Bxe5 e6 10. Be2 Be7 11. O-O O-O 12. c4 cxd4 13. Bxd4 Rac8 14. Rac1 dxc4 15. Nxc4 Qc6 16. Bxf6 Bxf6 17. Bf3 Qc5 18. e4 Bg6 19. Qxb7 Bd4 20. b4 Qg5 21. Qxa6 Qf4 22. Qa3 f5 23. g3 Qh6 24. Bg2 Ra8 25. Qb3 f4 26. Rcd1 Ba7 27. Ne5 fxg3 28. Qxe6+ Kh8 29. Nxg6+ hxg6 30. hxg3 Bxf2+ 31. Rxf2 Qe3 32. Rdf1 Rxf2 33. Rxf2 Rf8 34. Qh3+ Kg8 35. Qe6+ Kh8 36. Qh3+ Kg8 37. Qe6+ Kh8 38. Qh3+ 1/2-1/2

[Event "17th Asian Continental-ch Women 2018"]
[Site "Makati City"]
[Date "2018.12.12"]
[Round "3.17"]
[White "Doan, Thi Van Anh"]
[Black "Secopito, Catherine"]
[Result "0-1"]
[ECO "A00"]
[WhiteElo "1950"]
[BlackElo "2145"]
[PlyCount "108"]
[EventDate "2018.12.07"]
[EventType "swiss"]
[EventCountry "PHI"]
[TimeControl "40/5400+30:1800+30"]

1. e4 d5 2. exd5 Qxd5 3. Nc3 Qd6 4. d4 Nf6 5. Nf3 a6 6. Bd3 Nc6 7. O-O Bg4 8. Ne4 Nxe4 9. Bxe4 O-O-O 10. c3 f6 11. Qa4 Bd7 12. Qc2 e5 13. Be3 exd4 14. Nxd4 Nxd4 15. cxd4 Be6 16. Rac1 c6 17. Bxc6 bxc6 18. Bf4 Qd5 19. Qxc6+ Qxc6 20. Rxc6+ Kd7 21. Rxa6 Bc4 22. Ra7+ Ke6 23. Rd1 g5 24. Bc7 Rd7 25. b3 Bd5 26. Ra6+ Kf7 27. Bg3 Be7 28. f3 Rc8 29. h4 gxh4 30. Bxh4 Rc2 31. Bf2 Rdc7 32. Ra4 Rc1 33. Rxc1 Rxc1+ 34. Kh2 Ke6 35. Ra6+ Rc6 36. Ra7 Rc2 37. Ra6+ Bc6 38. Be3 Bd6+ 39. Kh3 Bd7 40. Bf4 Ke7+ 41. Kg3 Bxf4+ 42. Kxf4 Rxg2 43. a4 Rb2 44. Ra5 Rxb3 45. Rh5 Bc6 46. d5 Rb4+ 47. Ke3 Bxa4 48. Rxh7+ Kd6 49. Rf7 Ke5 50. f4+ Kf5 51. Re7 Rxf4 52. d6 Rb4 53. Ra7 Ke6 54. Ra6 Bd7 0-1

[Event "17th Asian Continental-ch Women 2018"]
[Site "Makati City"]
[Date "2018.12.12"]
[Round "3.18"]
[White "Fronda, Jan Jodilyn"]
[Black "San Diego, Jerlyn Mae"]
[Result "1/2-1/2"]
[ECO "A00"]
[WhiteElo "2139"]
[BlackElo "1932"]
[PlyCount "128"]
[EventDate "2018.12.07"]
[EventType "swiss"]
[EventCountry "PHI"]
[TimeControl "40/5400+30:1800+30"]

1. e4 c5 2. Nf3 g6 3. d4 cxd4 4. Qxd4 Nf6 5. Nc3 Nc6 6. Qa4 Bg7 7. e5 Ng8 8. Bf4 f6 9. e6 d6 10. Nd4 Kf8 11. Nxc6 bxc6 12. Qxc6 Bxe6 13. Ba6 Rb8 14. O-O-O Qb6 15. Qxb6 Rxb6 16. Be2 f5 17. Be3 Rc6 18. Nb5 Bxa2 19. Nxa7 Rc7 20. Nb5 Rc8 21. Na7 Rc7 22. Ba6 Bh6 23. f4 Rxa7 24. Bxa7 Bxf4+ 25. Rd2 Nf6 26. Kd1 Bxd2 27. Kxd2 Bd5 28. Rg1 Kf7 29. Be3 Rb8 30. b3 e5 31. g3 g5 32. Rb1 f4 33. gxf4 gxf4 34. Bg1 Ne4+ 35. Ke1 Rg8 36. Bb6 Rg2 37. Rd1 Bc6 38. Bd3 Rxh2 39. Bxe4 Bxe4 40. Rxd6 Bxc2 41. b4 e4 42. Bd4 f3 43. b5 Ke7 44. Bc5 Re2+ 45. Kf1 Ke8 46. b6 Bd3 47. Kg1 Rg2+ 48. Kh1 Rb2 49. Kg1 Rb5 50. Be3 h5 51. Rh6 Kd7 52. Bd4 Rg5+ 53. Kh1 Ba6 54. Rh7+ Kc6 55. Rc7+ Kd6 56. Ra7 Be2 57. Rf7 Rb5 58. Bf2 h4 59. Rf4 Ke5 60. Rxh4 Rb3 61. Rh5+ Kf4 62. Rh4+ Ke5 63. Rh5+ Kf4 64. Rh4+ Ke5 1/2-1/2

[Event "17th Asian Continental-ch Women 2018"]
[Site "Makati City"]
[Date "2018.12.12"]
[Round "3.19"]
[White "Bernales, Christy Lamiel"]
[Black "Wang, Ying"]
[Result "1-0"]
[ECO "A00"]
[WhiteElo "1996"]
[BlackElo "1324"]
[PlyCount "65"]
[EventDate "2018.12.07"]
[EventType "swiss"]
[EventCountry "PHI"]
[TimeControl "40/5400+30:1800+30"]

1. e4 c5 2. Nc3 e6 3. f4 d5 4. Nf3 Nc6 5. Bb5 a6 6. Bxc6+ bxc6 7. O-O g6 8. d3 Bg7 9. e5 Ne7 10. b3 O-O 11. Ba3 d4 12. Ne4 Nd5 13. Bxc5 Ne3 14. Qe2 Nxf1 15. Rxf1 f5 16. exf6 Rxf6 17. Nxf6+ Bxf6 18. Qe4 Qd5 19. Bxd4 Qxe4 20. dxe4 Be7 21. Rd1 Bd6 22. Be5 Bc5+ 23. Kf1 Be7 24. Bd6 Bf6 25. e5 Bg7 26. Bc5 h6 27. Rd8+ Kh7 28. Nd4 a5 29. c4 Bb7 30. Nxe6 Rxd8 31. Nxd8 Ba8 32. e6 Kg8 33. e7 1-0

[Event "17th Asian Continental-ch Women 2018"]
[Site "Makati City"]
[Date "2018.12.13"]
[Round "4"]
[White "Zhu, Jiner"]
[Black "Guo, Qi"]
[Result "0-1"]
[ECO "B12"]
[WhiteElo "2409"]
[BlackElo "2368"]
[Annotator "NA"]
[PlyCount "48"]
[EventDate "2018.12.07"]
[EventType "swiss"]
[EventCountry "PHI"]
[SourceTitle "playchess.com"]
[Source "ChessBase"]
[SourceQuality "1"]
[TimeControl "40/5400+30:1800+30"]

1. e4 c6 2. d4 d5 3. e5 Bf5 4. h4 h5 5. Bd3 Bxd3 6. Qxd3 e6 7. Bg5 {[%emt 0:00:07] B12: Caro-Kann: Advance Variation} Be7 8. Nf3 Nh6 9. Nbd2 (9. Nc3 Nd7 10. Ne2 c5 11. Nf4 cxd4 12. Nxh5 Qa5+ 13. Bd2 Qb6 14. Nxg7+ Kf8 {0-1 (41) Saric,I (2664)-Le,Q (2737) chess.com INT 2018}) 9... Nf5 10. c4 {[%emt 0:04:23] LiveBook: 9 Games} dxc4 11. Nxc4 Nd7 12. a3 $146 ({Predecessor:} 12. Ne3 Nxe3 13. Qxe3 Nb6 14. Bxe7 Qxe7 {1-0 (62) Farkas,T (2317)-Kumar,N (2258) Djenovici 2018}) 12... f6 13. exf6 gxf6 14. Bf4 Nb6 $1 15. b3 Rg8 16. O-O Rg4 17. Nxb6 axb6 18. g3 Qd5 19. Rfe1 Kf7 ({Resist} 19... Rxa3 20. Rxa3 Bxa3 21. Ra1 $15) 20. Qc4 $2 (20. b4 $17 {is a better chance.}) 20... Qxf3 21. Qxe6+ Kg6 22. Qe4 Qxe4 23. Rxe4 $19 Bd6 24. f3 Nxg3 0-1

[Event "17th Asian Continental-ch Women 2018"]
[Site "Makati City"]
[Date "2018.12.13"]
[Round "4"]
[White "Vo, Thi Kim Phung"]
[Black "Padmini, Rout"]
[Result "0-1"]
[ECO "A40"]
[WhiteElo "2352"]
[BlackElo "2345"]
[Annotator "RC"]
[PlyCount "82"]
[EventDate "2018.12.07"]
[EventType "swiss"]
[EventCountry "PHI"]
[SourceTitle "playchess.com"]
[Source "ChessBase"]
[SourceQuality "1"]
[TimeControl "40/5400+30:1800+30"]

1. d4 e6 2. c4 b6 3. Nc3 Bb7 4. e4 Bb4 5. Bd3 f5 6. d5 fxe4 7. Bxe4 Qh4 8. Qd3 Nf6 9. Bf3 Na6 10. dxe6 Nc5 11. exd7+ Nfxd7 12. Qe2+ Ne4 13. Bxe4 Qxe4 14. Bd2 Qxe2+ 15. Ngxe2 Ne5 16. O-O Nxc4 17. Bc1 O-O-O 18. a3 Be7 19. Bf4 a6 20. b4 g5 21. Bg3 h5 22. h3 h4 23. Bh2 g4 24. hxg4 h3 25. f3 hxg2 26. Kxg2 Ne3+ 27. Kg1 Nxf1 28. Rxf1 Bf6 29. Ne4 Bb2 30. N2g3 Bxa3 31. Rb1 Rd3 32. Kg2 Rd4 33. Rb3 Bxb4 34. Nf5 Rxe4 35. fxe4 Bxe4+ 36. Kg3 Be1+ 37. Kf4 Bxf5 38. gxf5 Rxh2 39. f6 Bh4 40. f7 Rf2+ 41. Kg4 Be7 0-1

[Event "17th Asian Continental-ch Women 2018"]
[Site "Makati City"]
[Date "2018.12.13"]
[Round "4.4"]
[White "Aulia, Medina Warda"]
[Black "Citra, Dewi Ardhiani Anast"]
[Result "1/2-1/2"]
[ECO "A00"]
[WhiteElo "2366"]
[BlackElo "2215"]
[PlyCount "30"]
[EventDate "2018.12.07"]
[EventType "swiss"]
[EventCountry "PHI"]
[TimeControl "40/5400+30:1800+30"]

1. e4 e5 2. Nf3 Nc6 3. Bb5 a6 4. Ba4 d6 5. c3 f5 6. exf5 Bxf5 7. O-O Bd3 8. Re1 Be7 9. Re3 e4 10. Ne1 Bg5 11. Rg3 Bh4 12. Re3 Bg5 13. Rg3 Bh4 14. Re3 Bg5 15. Rg3 Bh4 1/2-1/2

[Event "17th Asian Continental-ch Women 2018"]
[Site "Makati City"]
[Date "2018.12.13"]
[Round "4.5"]
[White "Hoang, Thi Bao Tram"]
[Black "Nandhidhaa, P V"]
[Result "1-0"]
[ECO "A00"]
[WhiteElo "2314"]
[BlackElo "2267"]
[PlyCount "135"]
[EventDate "2018.12.07"]
[EventType "swiss"]
[EventCountry "PHI"]
[TimeControl "40/5400+30:1800+30"]

1. d4 Nf6 2. Nf3 d5 3. e3 c5 4. Be2 Nc6 5. O-O cxd4 6. exd4 g6 7. c3 Bg7 8. Bf4 O-O 9. h3 Bf5 10. Nbd2 a6 11. Re1 b5 12. a4 b4 13. Qb3 bxc3 14. bxc3 Ne4 15. Bf1 Qa5 16. Nxe4 Bxe4 17. Nd2 Bf5 18. g4 Bd7 19. Qb2 e5 20. dxe5 Rab8 21. Qc2 d4 22. cxd4 Nxd4 23. Qd3 Ne6 24. Bg3 Rfd8 25. Nc4 Qc5 26. Nd6 Rb4 27. Ne4 Qd4 28. Qxa6 Bxa4 29. Ra3 Bc2 30. Nf6+ Bxf6 31. exf6 Qxf6 32. Qc6 Bb3 33. Ra8 h5 34. Rxd8+ Qxd8 35. Qc3 Rb7 36. gxh5 gxh5 37. Qf3 Bd5 38. Qxh5 Qg5 39. Qd1 Rb3 40. Kh2 Rxg3 41. fxg3 Qf5 42. Qg4+ Qxg4 43. hxg4 Ng5 44. Re8+ Kg7 45. Be2 Be6 46. Rb8 Ne4 47. Rb4 Nf6 48. Kh3 Nd5 49. Rd4 Nb6 50. Kh4 Kf6 51. Bf3 Ke5 52. Re4+ Kf6 53. g5+ Kg6 54. Bh5+ Kg7 55. g6 Bf5 56. Rb4 Nd5 57. Rb5 Be6 58. gxf7 Nf6 59. Rb7 Nd7 60. g4 Nf8 61. g5 Bf5 62. Rb8 Be4 63. Kg4 Bd3 64. g6 Bc2 65. Re8 Bb3 66. Kf5 Bc2+ 67. Kg5 Bxg6 68. Bxg6 1-0

[Event "17th Asian Continental-ch Women 2018"]
[Site "Makati City"]
[Date "2018.12.13"]
[Round "4.6"]
[White "Nguyen, Thi Thanh An"]
[Black "Gong, Qianyun"]
[Result "0-1"]
[ECO "A00"]
[WhiteElo "2262"]
[BlackElo "2312"]
[PlyCount "118"]
[EventDate "2018.12.07"]
[EventType "swiss"]
[EventCountry "PHI"]
[TimeControl "40/5400+30:1800+30"]

1. d4 Nf6 2. c4 e6 3. Nc3 Bb4 4. Qc2 b6 5. a3 Bxc3+ 6. Qxc3 Bb7 7. Nf3 d6 8. g3 Nbd7 9. Bg2 O-O 10. O-O Qe7 11. b4 Rac8 12. Bb2 Be4 13. Rfd1 c6 14. Rac1 Rfd8 15. a4 h6 16. Ba3 Nf8 17. Qe3 Qb7 18. Bb2 a5 19. bxa5 bxa5 20. Bc3 Ra8 21. d5 e5 22. dxc6 Qxc6 23. Bh3 Qxa4 24. Ra1 Qxc4 25. Bxa5 Nd5 26. Qd2 Re8 27. Ne1 Nf6 28. f3 Bb7 29. e3 Qd5 30. Qxd5 Nxd5 31. Kf2 e4 32. f4 Ne6 33. Bf1 Nc5 34. Bc4 Nf6 35. Rxd6 Ng4+ 36. Ke2 Nxh2 37. Bc3 Rxa1 38. Bxa1 Ra8 39. Bd4 Ba6 40. Bxa6 Nxa6 41. Bb6 Nb4 42. Rd8+ Rxd8 43. Bxd8 Nd5 44. Ba5 Ne7 45. Nc2 Nf5 46. Be1 Ng4 47. Bf2 Kh7 48. Nb4 Kg6 49. Nd5 Kh5 50. Be1 Nf6 51. Nxf6+ gxf6 52. Bc3 Nxg3+ 53. Kf2 Kg4 54. Bxf6 h5 55. Kg2 h4 56. Bd4 h3+ 57. Kh2 Nf1+ 58. Kh1 Kf3 59. Bb6 Nxe3 0-1

[Event "17th Asian Continental-ch Women 2018"]
[Site "Makati City"]
[Date "2018.12.13"]
[Round "4.7"]
[White "Ning, Kaiyu"]
[Black "Alinasab, Mobina"]
[Result "1-0"]
[ECO "A00"]
[WhiteElo "2247"]
[BlackElo "2295"]
[PlyCount "63"]
[EventDate "2018.12.07"]
[EventType "swiss"]
[EventCountry "PHI"]
[TimeControl "40/5400+30:1800+30"]

1. d4 Nf6 2. c4 e6 3. Nf3 a6 4. Nc3 d5 5. cxd5 exd5 6. Bg5 Be6 7. e3 Nbd7 8. Bd3 Bd6 9. Bf4 Bxf4 10. exf4 Bg4 11. Qe2+ Kf8 12. O-O c6 13. Rfe1 Bxf3 14. Qxf3 Qb6 15. g4 Qxd4 16. g5 Ne8 17. Bf5 Nb6 18. Ne2 Qb4 19. b3 Nc7 20. Ng3 Re8 21. Rxe8+ Nxe8 22. a3 Qd6 23. Re1 Nc7 24. Bg4 Ne6 25. f5 Nc7 26. f6 gxf6 27. Nf5 Qd8 28. Qh3 h5 29. gxh6 Ne6 30. h7 Nc8 31. Qh6+ Ke8 32. Qg7 1-0

[Event "17th Asian Continental-ch Women 2018"]
[Site "Makati City"]
[Date "2018.12.13"]
[Round "4.8"]
[White "Bach, Ngoc Thuy Duong"]
[Black "Gu, Tianlu"]
[Result "1/2-1/2"]
[ECO "A00"]
[WhiteElo "2131"]
[BlackElo "2231"]
[PlyCount "61"]
[EventDate "2018.12.07"]
[EventType "swiss"]
[EventCountry "PHI"]
[TimeControl "40/5400+30:1800+30"]

1. d4 Nf6 2. c4 e6 3. Nc3 d5 4. cxd5 Nxd5 5. e4 Nxc3 6. bxc3 c5 7. Nf3 cxd4 8. cxd4 Bb4+ 9. Bd2 Bxd2+ 10. Qxd2 O-O 11. Be2 b6 12. O-O Bb7 13. Qe3 Nc6 14. a3 h6 15. Rac1 Qd6 16. Rfd1 Rfd8 17. h3 Rac8 18. Bc4 Na5 19. Ba2 b5 20. d5 Rxc1 21. Qxc1 exd5 22. Bxd5 Bxd5 23. Rxd5 Qb6 24. Rxd8+ Qxd8 25. Qc5 a6 26. Ne5 f6 27. Nc6 Nxc6 28. Qxc6 Qa5 29. Qc8+ Kh7 30. Qf5+ Kg8 31. Qc8+ 1/2-1/2

[Event "17th Asian Continental-ch Women 2018"]
[Site "Makati City"]
[Date "2018.12.13"]
[Round "4.9"]
[White "Doroy Allaney Jia G"]
[Black "Nakhbayeva, Guliskhan"]
[Result "1-0"]
[ECO "A00"]
[WhiteElo "1972"]
[BlackElo "2371"]
[PlyCount "95"]
[EventDate "2018.12.07"]
[EventType "swiss"]
[EventCountry "PHI"]
[TimeControl "40/5400+30:1800+30"]

1. c4 Nf6 2. g3 c6 3. Bg2 d5 4. cxd5 cxd5 5. d4 Nc6 6. Nf3 Bf5 7. O-O e6 8. Nc3 Be7 9. Nh4 Bg4 10. h3 Bh5 11. g4 Nd7 12. Nf5 exf5 13. gxh5 Nf6 14. e3 Qd7 15. a3 O-O 16. b4 a5 17. Na4 Rad8 18. Nc5 Qc8 19. Bd2 b6 20. Nd3 Qa6 21. Qb1 b5 22. Nc5 Bxc5 23. bxc5 Ne4 24. Qd3 Qb7 25. Rfb1 Rb8 26. Be1 f4 27. Bxe4 dxe4 28. Qxe4 Qd7 29. d5 Qxh3 30. Qxf4 Ne7 31. d6 Nf5 32. f3 Qxh5 33. Rb2 Nxe3 34. Qxe3 Rbe8 35. Qc3 b4 36. axb4 axb4 37. Rxb4 f5 38. Bg3 Kh8 39. Be5 Qg5+ 40. Kf1 Rf7 41. c6 f4 42. d7 Ref8 43. c7 Qg3 44. c8=Q Qh3+ 45. Ke2 Qg2+ 46. Kd1 Qf1+ 47. Kc2 Qe2+ 48. Kb3 1-0

[Event "17th Asian Continental-ch Women 2018"]
[Site "Makati City"]
[Date "2018.12.13"]
[Round "4.10"]
[White "Li, Yunshan"]
[Black "Nithyalakshmi, Sivanesan"]
[Result "1-0"]
[ECO "A00"]
[WhiteElo "2196"]
[BlackElo "1942"]
[PlyCount "93"]
[EventDate "2018.12.07"]
[EventType "swiss"]
[EventCountry "PHI"]
[TimeControl "40/5400+30:1800+30"]

1. d4 d6 2. Nf3 f5 3. Nc3 Nf6 4. Bg5 Nbd7 5. e3 g6 6. Bd3 Bg7 7. e4 fxe4 8. Nxe4 Nxe4 9. Bxe4 Nf6 10. Bd3 O-O 11. h3 Be6 12. Qe2 Bf7 13. O-O Qd7 14. Rae1 Rae8 15. Bc4 Nd5 16. Qe4 c6 17. Qh4 Nc7 18. Bxf7+ Rxf7 19. Qg3 Qf5 20. c3 Qd5 21. a3 a5 22. Re2 Ne6 23. Bc1 Bf6 24. Rfe1 Ng7 25. Nd2 a4 26. Ne4 Ref8 27. Nxf6+ exf6 28. Qd3 b5 29. Bh6 Rb8 30. Bxg7 Kxg7 31. Qg3 Rd8 32. Re6 Kf8 33. Qe3 Kg7 34. Re8 Rxe8 35. Qxe8 f5 36. Qd8 f4 37. Re8 g5 38. f3 Kg6 39. Rg8+ Rg7 40. Qe8+ Kf6 41. Qf8+ Rf7 42. Qd8+ Ke6 43. Rxg5 Qb3 44. Qe8+ Kf6 45. Rg4 Qd1+ 46. Kh2 Qd2 47. Qxc6 1-0

[Event "17th Asian Continental-ch Women 2018"]
[Site "Makati City"]
[Date "2018.12.13"]
[Round "4.11"]
[White "Makhija, Aashna"]
[Black "Li, Xueyi"]
[Result "1/2-1/2"]
[ECO "A00"]
[WhiteElo "2181"]
[BlackElo "2187"]
[PlyCount "127"]
[EventDate "2018.12.07"]
[EventType "swiss"]
[EventCountry "PHI"]
[TimeControl "40/5400+30:1800+30"]

1. e4 c6 2. d4 d5 3. Nd2 dxe4 4. Nxe4 Nf6 5. Nxf6+ exf6 6. c3 Bd6 7. Bd3 O-O 8. Ne2 Qc7 9. Qc2 h5 10. Be3 Be6 11. h3 Re8 12. O-O Nd7 13. c4 Nf8 14. Rad1 h4 15. c5 Be7 16. Bf4 Qd7 17. Nc3 g6 18. Be3 f5 19. d5 Bxd5 20. Bc4 Bxc4 21. Rxd7 Nxd7 22. Rd1 Rad8 23. b3 Ba6 24. b4 Ne5 25. b5 Bxb5 26. Nxb5 cxb5 27. Rxd8 Rxd8 28. Qb2 Nc4 29. Qxb5 Rd1+ 30. Kh2 Nxe3 31. fxe3 Bf6 32. Qe8+ Kg7 33. Qb8 a5 34. a4 Rc1 35. Qd6 Re1 36. Qf4 Ra1 37. Qc7 g5 38. g4 Ra2+ 39. Kh1 Ra1+ 40. Kh2 fxg4 41. hxg4 Rxa4 42. Qxb7 Be5+ 43. Kg1 h3 44. Qd5 h2+ 45. Kg2 Rxg4+ 46. Kf2 Bf6 47. c6 Rg1 48. c7 Rc1 49. Kg3 h1=Q 50. Qxh1 Rxh1 51. c8=Q a4 52. Qa6 Ra1 53. Kg4 a3 54. Kf5 Bb2 55. Qb6 Rf1+ 56. Kg4 Bf6 57. Qa6 Rg1+ 58. Kf5 Bb2 59. e4 g4 60. e5 Rf1+ 61. Qxf1 a2 62. Qa6 a1=Q 63. Qf6+ Kf8 64. Qd8+ 1/2-1/2

[Event "17th Asian Continental-ch Women 2018"]
[Site "Makati City"]
[Date "2018.12.13"]
[Round "4.12"]
[White "Zhang, Xiao"]
[Black "Wang, Jue"]
[Result "0-1"]
[ECO "A00"]
[WhiteElo "2017"]
[BlackElo "2367"]
[PlyCount "47"]
[EventDate "2018.12.07"]
[EventType "swiss"]
[EventCountry "PHI"]
[TimeControl "40/5400+30:1800+30"]

1. d4 Nf6 2. c4 e6 3. Nf3 d5 4. e3 Nbd7 5. Bd3 a6 6. b3 Bb4+ 7. Nbd2 b6 8. O-O Bb7 9. Bb2 Rc8 10. a3 Be7 11. Qe2 dxc4 12. Nxc4 c5 13. Nce5 Ra8 14. Rfd1 Nxe5 15. dxe5 Nd7 16. Rd2 b5 17. a4 b4 18. Rad1 Qc7 19. Rc2 g5 20. Nd2 Rg8 21. Nc4 g4 22. Rcd2 Bf3 23. Qe1 Bxd1 24. Qxd1 0-1

[Event "17th Asian Continental-ch Women 2018"]
[Site "Makati City"]
[Date "2018.12.13"]
[Round "4.13"]
[White "Frayna, Janelle Mae"]
[Black "Mordido, Kylen Joy"]
[Result "1-0"]
[ECO "A00"]
[WhiteElo "2228"]
[BlackElo "2045"]
[PlyCount "69"]
[EventDate "2018.12.07"]
[EventType "swiss"]
[EventCountry "PHI"]
[TimeControl "40/5400+30:1800+30"]

1. e4 c5 2. Nf3 e6 3. g3 Nc6 4. Bg2 Nf6 5. Qe2 d5 6. exd5 Nxd5 7. O-O Be7 8. Rd1 Bf6 9. Nc3 O-O 10. Ne4 Be7 11. d4 cxd4 12. Nxd4 Nxd4 13. Rxd4 Qb6 14. Rd1 Rd8 15. c4 Nf6 16. Be3 Qc7 17. Rxd8+ Bxd8 18. Rd1 e5 19. Bg5 Be6 20. Bxf6 gxf6 21. b3 Be7 22. Nc3 Rd8 23. Nd5 Bxd5 24. Bxd5 Bf8 25. Qg4+ Bg7 26. Kg2 b6 27. Qh4 Rd7 28. Re1 h6 29. Re4 Qc5 30. Rg4 Rxd5 31. Qxh6 Qf8 32. cxd5 f5 33. Rxg7+ Qxg7 34. Qxg7+ Kxg7 35. h4 1-0

[Event "17th Asian Continental-ch Women 2018"]
[Site "Makati City"]
[Date "2018.12.13"]
[Round "4.14"]
[White "Karenza, Dita"]
[Black "Mendoza, Shania Mae"]
[Result "0-1"]
[ECO "A00"]
[WhiteElo "1944"]
[BlackElo "2165"]
[PlyCount "72"]
[EventDate "2018.12.07"]
[EventType "swiss"]
[EventCountry "PHI"]
[TimeControl "40/5400+30:1800+30"]

1. d4 d5 2. Bf4 Nf6 3. e3 g6 4. Nf3 Bg7 5. Be2 O-O 6. O-O c5 7. h3 Nc6 8. c3 b6 9. Nbd2 Bb7 10. Re1 Nd7 11. Bh2 e5 12. dxe5 Ncxe5 13. Nxe5 Nxe5 14. Nf3 Nd7 15. a4 a6 16. Qc2 Rc8 17. Rad1 Qe7 18. c4 Nf6 19. Qb3 dxc4 20. Bxc4 Bxf3 21. gxf3 Qb7 22. e4 Nh5 23. Rd6 Qe7 24. Bxa6 Ra8 25. Bf1 Bd4 26. Qc2 Qg5+ 27. Kh1 Qh4 28. Kg1 Rxa4 29. Rxb6 Rfa8 30. Qd2 Ra1 31. Kg2 Rxe1 32. Qxe1 Ra1 33. Qd2 Rd1 34. Qe2 Qg5+ 35. Kh1 Qc1 36. Kg2 Rd2 0-1

[Event "17th Asian Continental-ch Women 2018"]
[Site "Makati City"]
[Date "2018.12.13"]
[Round "4.15"]
[White "Secopito, Catherine"]
[Black "Bernales, Christy Lamiel"]
[Result "1/2-1/2"]
[ECO "A00"]
[WhiteElo "2145"]
[BlackElo "1996"]
[PlyCount "92"]
[EventDate "2018.12.07"]
[EventType "swiss"]
[EventCountry "PHI"]
[TimeControl "40/5400+30:1800+30"]

1. d4 Nf6 2. Nf3 d5 3. e3 g6 4. c4 Bg7 5. Nc3 O-O 6. cxd5 Nxd5 7. Qb3 Nb6 8. Be2 Nc6 9. O-O Be6 10. Qd1 Qd7 11. Ne4 Bc4 12. Nc5 Qc8 13. Bxc4 Nxc4 14. Qc2 Nd6 15. Bd2 e5 16. d5 Ne7 17. Qb3 b6 18. Na4 Rd8 19. Bc3 Qf5 20. Rfd1 c5 21. dxc6 Nxc6 22. Rd5 Ne7 23. Rdd1 b5 24. Qa3 Nec8 25. Nc5 Nb6 26. Na6 Nbc4 27. Qb3 Rac8 28. a4 bxa4 29. Rxa4 Nb6 30. Raa1 Ne4 31. Rxd8+ Rxd8 32. Ba5 Rd6 33. Nc7 Qd7 34. Na6 Qc8 35. Nb4 Nd2 36. Nxd2 Rxd2 37. Bxb6 axb6 38. Nd5 Qb7 39. e4 Bf8 40. Qc3 Rd4 41. Rc1 b5 42. Qb3 Qa6 43. Qf3 Rc4 44. Rd1 Rd4 45. Rc1 Rc4 46. Rd1 Rd4 1/2-1/2